 Dungeon Crawl Stone Soup version 0.30.1-4-g462c640d31 (webtiles) character file.

Game seed: 1880384153807876189

39 growler the Gusty (level 3, -2/19 HPs)
             Began as a Tengu Air Elementalist on Aug 24, 2023.
             Slain by Terence
             ... wielding a +0 hand axe
              (8 damage)
             ... on level 2 of the Dungeon.
             The game lasted 00:03:30 (1399 turns).

growler the Gusty (Tengu Air Elementalist)          Turns: 1399, Time: 00:03:32

Health: -2/19      AC:  3    Str:  8    XL:     3   Next: 45%
Magic:  1/7        EV: 12    Int: 17    God:
Gold:   79         SH:  0    Dex: 14    Spells: 1/7 levels left

rFire   . . .        e - +1 dagger (protect)
rCold   . . .        (no shield)
rNeg    . . .        a - +0 robe
rPois   .            (helmet restricted)
rElec   .            c - +0 cloak
rCorr   .            (no gloves)
SInv    .            (boots unavailable)
Will    .....        (no amulet)
Stlth   ++           (no ring)
HPRegen 0.23/turn    (no ring)
MPRegen 0.10/turn

%: no passive effects
@: no status effects
A: beak, talons 3
a: no special abilities


You were on level 2 of the Dungeon.
You visited 1 branch of the dungeon, and saw 2 of its levels.

You collected 79 gold pieces.

Inventory:

Hand Weapons
 e - a +1 dagger of protection (weapon)
Armour
 a - a +0 robe (worn)
 c - a +0 cloak (worn)
Scrolls
 d - 2 scrolls of identify {unknown}
 g - a scroll of poison {unknown}
Potions
 b - a potion of magic
 f - a potion of heal wounds {unknown}
 h - 2 potions of resistance {unknown}
 i - a potion of brilliance {unknown}
 j - a potion of berserk rage {unknown}


   Skills:
 - Level 2.1 Dodging
 - Level 2.0 Stealth
 + Level 2.5 Spellcasting
 + Level 2.7 Conjurations
 + Level 4.7 Air Magic


You had one spell level left.
You knew the following spells:

 Your Spells              Type           Power      Damage    Failure   Level
a - Shock                 Conj/Air       56%        1d6       4%          1
b - Static Discharge      Conj/Air       28%        2-4/arc   6%          2
c - Swiftness             Air            18%        N/A       8%          3

Your spell library contained the following spells:

 Spells                   Type           Power      Damage    Failure   Level
 Airstrike                Air            9%         2d(2-18)  26%         4


Dungeon Overview and Level Annotations

Branches:
Dungeon (2/15)

Altars:

Shops:
D:1 (

Annotations:
D:2 Terence


Innate Abilities, Weirdness & Mutations

You have a beak for a mouth.
You have claws for feet.


Message History

The grasping roots constrict you.
Casting: Shock (safe; 4% risk of failure)
Confirm with . or Enter, or press ? or * to list all spells.
Aiming: Shock (safe; 4% risk of failure)
Press: ? - help, Shift-Dir - straight line, f/p - Terence
Aim: Terence, wielding a +0 hand axe, wearing a +0 scale mail and carrying a wand of roots (12) (moderately wounded, 75% to hit)
The zap hits Terence.
Terence is heavily wounded.
The zap hits Terence.
Terence is heavily wounded.
The grasping roots constrict you.
Casting: Shock (safe; 4% risk of failure)
Confirm with . or Enter, or press ? or * to list all spells.
Aiming: Shock (safe; 4% risk of failure)
Press: ? - help, Shift-Dir - straight line, f/p - Terence
Aim: Terence, wielding a +0 hand axe, wearing a +0 scale mail and carrying a wand of roots (12) (heavily wounded, 75% to hit)
The zap misses Terence.
The zap hits Terence but does no damage.
Terence is heavily wounded.
The grasping roots constrict you.
The grasping roots release their grip on you.
Casting: Shock (safe; 4% risk of failure)
Confirm with . or Enter, or press ? or * to list all spells.
Aiming: Shock (safe; 4% risk of failure)
Press: ? - help, Shift-Dir - straight line, f/p - Terence
Aim: Terence, wielding a +0 hand axe, wearing a +0 scale mail and carrying a wand of roots (12) (heavily wounded, 75% to hit)
The zap hits Terence.
Terence is severely wounded.
The zap hits Terence but does no damage.
Terence is severely wounded.
Terence hits you with a +0 hand axe.
Casting: Shock (safe; 4% risk of failure)
Confirm with . or Enter, or press ? or * to list all spells.
Aiming: Shock (safe; 4% risk of failure)
Press: ? - help, Shift-Dir - straight line, f/p - Terence
Aim: Terence, wielding a +0 hand axe, wearing a +0 scale mail and carrying a wand of roots (12) (severely wounded, 75% to hit)
The zap misses Terence.
The zap hits Terence.
Terence is almost dead.
Terence hits you with a +0 hand axe!
You die...

...... #.# .......## ....
#.# .......## ##..## #.#
......... #.#..###.#
.......#. #.##..##.#
.......#. #........#
.........
####.#....#######...#
#...@..#....#####....
#...@..#..#.##.....>#
#..............#....#
#......#).#......####
####.###..##.........
#.##...........###
#.##.#####.......#
#.##.#.....#..##..
#.##.......#.)..#.
##########....#..####......


You could see Terence.

Vanquished Creatures
  A dart slug (D:1)
  5 ball pythons
  2 bats (D:2)
  6 endoplasms
  2 goblins (D:1)
  2 hobgoblins (D:1)
  3 jackals (D:1)
  A quokka (D:1)
  4 frilled lizards
  4 kobolds (D:2)
  3 rats (D:1)
33 creatures vanquished.

Notes
Turn   | Place    | Note
-------+----------+-------------------------------------------
     0 | D:1      | growler the Tengu Air Elementalist began the quest for the
                  | Orb.
     0 | D:1      | Reached XP level 1. HP: 10/10 MP: 4/4
   189 | D:1      | Reached XP level 2. HP: 15/15 MP: 1/6
   457 | D:1      | Found Ethruuna's Antique Weapon Boutique.
   502 | D:1      | Learned a level 2 spell: Static Discharge
   779 | D:1      | Reached XP level 3. HP: 19/19 MP: 3/7
   783 | D:1      | Learned a level 3 spell: Swiftness
  1386 | D:2      | Noticed Terence
  1399 | D:2      | Slain by Terence

Illustrated notes

Levels and vault maps discovered:
D:1:      reono_arrival_mine, layout_basic, serial_shops, shop
D:2:      layout_rooms, minmay_snake_closets, uniq_terence

Skill      XL: |  1  2 |
---------------+-------+-----
Conjurations   | 2 |  2.7
Dodging        | |  2.1
Stealth        | |  2.0
Spellcasting   | |  2.5
Air Magic      | |  4.7

Action                     || total
---------------------------++-------
  Melee: Peck              ||     2
         Unarmed           ||     1
         Dagger            ||     7
         Kick              ||     1
   Cast: Shock             ||    78
 Armour: Robe              ||     4
  Dodge: Dodged            ||     9
